 Dungeon Crawl Stone Soup version 0.30-a0-297-g0ec75d9ef4 (webtiles) character file.

Game seed: 11377698669647085801

73 gruber the Conjurer (level 4, 0/27 HPs)
             Began as an Octopode Conjurer on Oct 18, 2022.
             Slain by a kobold
             ... wielding a +0 club
              (2 damage)
             ... on level 2 of the Dungeon.
             The game lasted 00:03:26 (1288 turns).

gruber the Conjurer (Octopode Conjurer)             Turns: 1288, Time: 00:03:26

Health: 0/27       AC:  1    Str:  6    XL:     4   Next: 27%
Magic:  3/7        EV: 13    Int: 22    God:
Gold:   82         SH:  0    Dex: 10    Spells: 4/7 levels left

rFire   . . .      SeeInvis .    b - +0 spear
rCold   . . .      Faith    .    (no shield)
rNeg    . . .      Spirit   .    (helmet restricted)
rPois   .          Reflect  .    (no amulet)
rElec   .          Harm     .    (no ring)
rCorr   .          Rampage  .    (no ring)
Will    .....                    (no ring)
Stlth   +++.......               (no ring)
HPRegen 0.24/turn                (no ring)
MPRegen 0.10/turn                (no ring)
                                 (no ring)
                                 (no ring)

@: no status effects
A: almost no armour, amphibious, 8 rings, camouflage 1, gelatinous body 1,
(nimble swimmer 1), tentacles
a: no special abilities


You were on level 2 of the Dungeon.
You visited 1 branch of the dungeon, and saw 2 of its levels.

You collected 82 gold pieces.

Inventory:

Hand Weapons
 b - a +0 spear (weapon)
Jewellery
 e - a ring of ice
 h - a +6 ring of dexterity
 m - a ring of protection from fire
Scrolls
 d - a scroll of identify {unknown}
 f - a scroll of magic mapping {unknown}
 j - a scroll of immolation {unknown}
Potions
 a - 2 potions of magic
 c - a potion of heal wounds {unknown}
 g - a potion of mutation {unknown}
 i - 2 potions of brilliance {unknown}
 k - a potion of lignification {unknown}
 l - a potion of might {unknown}


   Skills:
 - Level 2.0 Dodging
 - Level 2.6 Stealth
 - Level 2.0 Spellcasting
 + Level 5.6 Conjurations


You had 4 spell levels left.
You knew the following spells:

 Your Spells              Type           Power      Damage    Failure   Level
a - Magic Dart            Conj           100%       1d8       1%          1
b - Searing Ray           Conj           54%        2d6       1%          2

Your spell library contained the following spells:

 Spells                   Type           Power      Damage    Failure   Level
 Dazzling Flash           Conj/Hex       28%        N/A       13%         3
 Fulminant Prism          Conj/Hex       7%         3d7       38%         4
 Iskenderun's Mystic Bla  Conj/Tloc      14%        2d5       38%         4


Dungeon Overview and Level Annotations

Branches:
Dungeon (2/15)

Altars:
Okawaru


Innate Abilities, Weirdness & Mutations

You cannot wear most types of armour.
You are amphibious.
You can wear up to eight rings at the same time.
Your skin changes colour to match your surroundings (Stealth+).
Your rubbery body absorbs attacks. (AC +1, EV +1)
((You are camouflaged when in or above water. (Stealth+)))
You have tentacles for arms and can constrict up to eight enemies at once.


Message History

The magic dart hits Terence.
Terence is heavily wounded.
Terence looks scornfully at you.
You hit Terence. Your grab misses Terence. Your squeeze misses Terence.
Terence is heavily wounded.
Terence barely misses you.
You hit Terence. Your grab misses Terence. You squeeze Terence.
Terence is severely wounded.
Terence hits you with a +0 falchion!
You hit Terence. Your grab misses Terence.
Your tentacle-slap misses Terence.
Terence is almost dead.
Terence misses you.
You hit Terence but do no damage. Your grab misses Terence.
Terence is almost dead.
Terence barely misses you.
You hit Terence. Your grab misses Terence.
Terence is almost dead.
Terence barely misses you.
You barely miss Terence. You grab Terence.
Terence is almost dead.
You constrict Terence, but do no damage.
Terence hits you with a +0 falchion.
You hit Terence but do no damage.
Terence is almost dead.
You constrict Terence, but do no damage.
Terence screams, "I'm going to kill you!"
Terence hits you with a +0 falchion!
* * * LOW HITPOINT WARNING * * *
You are too injured to fight recklessly!
You are too injured to fight recklessly!
You barely miss Terence. You squeeze Terence.
You kill Terence!
The kobold hits you with a +0 club.
* * * LOW HITPOINT WARNING * * *
You have reached level 4!
You barely miss the kobold. Your grab misses the kobold.
You squeeze the kobold.
The kobold is severely wounded.
The kobold hits you with a +0 club.
You die...

##### # #~~~## ..
♣~≈P~## #.#♣♣~≈~PP#
. ..~~~P~~~# ....
♣P...~♣
.....##.....#######
#...$......K@..#
.....##.....#####.#
♣$# #P♣P♣~###..
...# ♣~~~~~~##.#
.#.# ♣~P~~~~~#.#
...#
~P~~~~~PPP..###..#
.................#
~~~PP~P~~~♣.####.##
P~~~~~~~P♣..# #.#


You could see a kobold.

Vanquished Creatures
  Terence (D:2)
  2 adders (D:2)
  6 bats (D:1)
  4 endoplasms
  3 giant cockroaches (D:1)
  5 hobgoblins
  2 kobolds (D:1)
  2 ball pythons
  3 frilled lizards
28 creatures vanquished.

Vanquished Creatures (others)
  4 plants (D:2)
4 creatures vanquished.

Grand Total: 32 creatures vanquished

Notes
Turn   | Place    | Note
-------+----------+-------------------------------------------
     0 | D:1      | gruber the Octopode Conjurer began the quest for the Orb.
     0 | D:1      | Reached XP level 1. HP: 11/11 MP: 3/3
   196 | D:1      | Reached XP level 2. HP: 12/17 MP: 5/5
   842 | D:2      | Reached skill level 5 in Conjurations
   842 | D:2      | Reached XP level 3. HP: 10/21 MP: 2/6
   974 | D:2      | Identified the +4 ring mail of Cestooz {Contam rN+++ Will-
                  | Int+5}
  1018 | D:2      | Found an iron altar of Okawaru.
  1102 | D:2      | Learned a level 2 spell: Searing Ray
  1265 | D:2      | Noticed Terence
  1287 | D:2      | Killed Terence
  1288 | D:2      | Reached XP level 4. HP: 2/27 MP: 3/7
  1288 | D:2      | Slain by a kobold

Illustrated notes

Levels and vault maps discovered:
D:1:      nzn_arrival_crosshair, layout_basic
D:2:      layout_loops_cross, serial_bayou, serial_bayou_lake_a,
          serial_bayou_shore_b, serial_bayou_lagoon_b, serial_bayou_crossing,
          serial_bayou_pond_d, serial_bayou_ford_a, basic_altar, serial_shops,
          nicolae_square_shop, uniq_terence, uniq_robin

Skill      XL: |  1  2 |
---------------+-------+-----
Conjurations   | 5 |  5.6
Dodging        | |  2.0
Stealth        | |  2.6
Spellcasting   | |  2.0

Action                   |  1- 3 |  4- 6 || total
-------------------------+-------+-------++-------
Melee: Spear             |    79 |     1 ||    80
       Constrict         |    13 |       ||    13
       Tentacles         |    13 |     1 ||    14
 Cast: Magic Dart        |    18 |       ||    18
 Stab: Sleeping          |     8 |       ||     8
Armor: Skin              |     5 |       ||     5
Dodge: Dodged            |    35 |       ||    35

Table legend: (Time is in decaauts)
 A = Elapsed time spent in this place.
 B = Non-inter-level travel time spent in this place.
 C = Inter-level travel time spent in this place.
 D = Time resting spent in this place.
 E = Time spent auto-exploring this place.
 F = Levels seen in this place.
 G = Mean time per level.
                   A        B        C        D        E       F      G
               +--------+--------+--------+--------+--------+-----+--------+
         Total |   1295 |   1285 |     10 |      0 |   1034 |   2 |  647.5 |
       Dungeon |   1295 |   1285 |     10 |      0 |   1034 |   2 |  647.5 |
               +--------+--------+--------+--------+--------+-----+--------+

Top non-repeatable levels by time:
     D:1: 749 daAuts
     D:2: 545 daAuts
